 Dungeon Crawl Stone Soup version 0.27-a0-1184-ge86db4a01e (webtiles) character file.

Game seed: 16862906096489414180

56 ZappyNine the Sneak (level 3, -2/28 HPs)
             Began as a Demonspawn Brigand on May 18, 2021.
             Slain by a hobgoblin (5 damage)
             ... led by Robin
             ... on level 2 of the Dungeon.
             The game lasted 00:01:12 (1673 turns).

ZappyNine the Sneak (Demonspawn Brigand)            Turns: 1673, Time: 00:01:13

Health: -2/28      AC:  3    Str: 11    XL:     3   Next: 69%
Magic:  3/3        EV: 11    Int: 12    God:
Gold:   19         SH:  0    Dex: 15    Spells: 2/2 levels left

rFire    . . .     SeeInvis .   a - +2 dagger
rCold    . . .     Faith    .   (no shield)
rNeg     . . .     Spirit   .   b - +0 robe
rPois    .         Reflect  .   (helmet restricted)
rElec    .         Harm     .   c - +0 cloak
rCorr    .         Rampage  .   (no gloves)
Will     .....                  (no boots)
Stlth    +++.......             (no amulet)
HPRegen  0.09/turn              (no ring)
MPRegen  0.08/turn              (no ring)

@: no status effects
A: horns 1, ignite blood 1
a: no special abilities


You were on level 2 of the Dungeon.
You visited 1 branch of the dungeon, and saw 2 of its levels.

You collected 19 gold pieces.

Inventory:

Hand Weapons
 a - a +2 dagger (weapon)
Missiles
 d - 4 poisoned darts (quivered)
 e - 2 curare-tipped darts
Armour
 b - a +0 robe (worn)
 c - a +0 cloak (worn)
Scrolls
 g - 2 scrolls of fear {unknown}
 h - a scroll of noise {unknown}
 j - a scroll of blinking {unknown}
Potions
 f - a potion of curing
 i - a potion of might {unknown}


   Skills:
 + Level 2.8 Fighting
 + Level 2.5 Short Blades
 - Level 1.7 Throwing
 - Level 0.8 Dodging
 + Level 4.2 Stealth


You had 2 spell levels left.
You didn't know any spells.
Your spell library was empty.

Dungeon Overview and Level Annotations

Branches:
Dungeon (2/15)

Altars:

Annotations:
D:2 Robin


Innate Abilities, Weirdness & Mutations

You have a pair of small horns on your head.
Your demonic aura sometimes causes spilled blood to erupt in flames.


Message History

No target in view!
(D) Dungeon
Where to? (? - help)
What level of the Dungeon? (default 1, ? - help)
You see here a frilled lizard corpse.
You see here a bat skeleton.
There is a stone staircase leading down here.
You climb downwards.
Level annotation: Robin
There is a stone staircase leading up here.
There are monsters nearby!
The goblin shouts!
The hobgoblin shouts!
Robin hits you with a +7 club! The goblin closely misses you.
You hear a shout! x3
You barely miss Robin.
Robin roars a battlecry!
The goblin goes into a battle-frenzy!
You hit Robin.
Robin is lightly wounded.
The goblin drinks a potion.
The goblin seems to speed up.
Robin hits you with a +7 club!
You are too injured to fight recklessly!
The hobgoblin shouts!
You hit Robin but do no damage. You headbutt Robin.
Robin is lightly wounded.
You hear a shout! x2
The goblin hits you with a +0 club.
* * * LOW HITPOINT WARNING * * *
Robin roars a battlecry!
The hobgoblin goes into a battle-frenzy!
The goblin hits you but does no damage.
Unknown command.
A hobgoblin comes into view.
The hobgoblin hits you.
* * * LOW HITPOINT WARNING * * *
Robin throws the goblin at you! The goblin closely misses you.
There is a stone staircase leading up here.
Unknown command.
The goblin barely misses you. The hobgoblin hits you.
You die...

#########################
............g............
################gg.......
#g######## #########@##
#.......gg.# #.......g..#
#..........# ######g#.###
.. .g.#.###....
###.#........
.######.#.###.#.#
...............>#


You could see Robin, 3 hobgoblins and 4 goblins.

Vanquished Creatures
  2 adders (D:2)
  5 ball pythons
  3 bats (D:1)
  2 endoplasms
  2 giant cockroaches (D:1)
  6 goblins
  4 hobgoblins (D:1)
  A quokka (D:1)
  3 frilled lizards (D:1)
  4 kobolds (D:1)
  3 rats (D:1)
35 creatures vanquished.

Notes
Turn   | Place    | Note
-------+----------+-------------------------------------------
     0 | D:1      | ZappyNine the Demonspawn Brigand began the quest for the
                  | Orb.
     0 | D:1      | Reached XP level 1. HP: 16/16 MP: 1/1
   307 | D:1      | You fall into a shaft and drop 1 floor!
   386 | D:2      | Gained mutation: You have a pair of small horns on your
                  | head. [demonic ancestry]
   386 | D:2      | Reached XP level 2. HP: 16/22 MP: 2/2
   410 | D:2      | Reached skill level 4 in Stealth
   419 | D:2      | Noticed Robin
   477 | D:2      | Gained mutation: Your demonic aura sometimes causes spilled
                  | blood to erupt in flames. [demonic ancestry]
   477 | D:2      | Reached XP level 3. HP: 9/28 MP: 3/3
  1673 | D:2      | Slain by a hobgoblin

Illustrated notes

Levels and vault maps discovered:
D:1:      dpeg_arrival_rhombi, layout_basic
D:2:      layout_basic, shapermc_ecumenical_altar_mp_vishouse, uniq_robin

Skill      XL: |  1  2 |
---------------+-------+-----
Short Blades   | 2 |  2.5
Stealth        | 4 |  4.2
Fighting       | |  2.8
Throwing       | |  1.7
Dodging        | |  0.8

Action                   || total
-------------------------++-------
Melee: Dagger            ||    89
       Headbutt          ||    14
Throw: Dart              ||     5
  Use: Potion            ||     1
 Stab: Sleeping          ||     2
Armor: Robe              ||    22
Dodge: Dodged            ||    45

Table legend: (Time is in decaauts)
 A = Elapsed time spent in this place.
 B = Non-inter-level travel time spent in this place.
 C = Inter-level travel time spent in this place.
 D = Time resting spent in this place.
 E = Time spent auto-exploring this place.
 F = Levels seen in this place.
 G = Mean time per level.
                   A        B        C        D        E       F      G
               +--------+--------+--------+--------+--------+-----+--------+
         Total |   1663 |   1584 |     79 |    520 |    815 |   2 |  831.5 |
       Dungeon |   1663 |   1584 |     79 |    520 |    815 |   2 |  831.5 |
               +--------+--------+--------+--------+--------+-----+--------+

Top non-repeatable levels by time:
     D:1: 1416 daAuts
     D:2: 247 daAuts
